 Dungeon Crawl Stone Soup version 0.31-a0-640-g39d97e502b (webtiles) character file.

Game seed: 16405735055954195387

54 qw the Shooter (level 3, -1/23 HPs)
             Began as a Gargoyle Hunter on Aug 27, 2023.
             Slain by a cerulean imp
             ... wielding a +1 spear
             ... summoned by Natasha
              (4 damage)
             ... on level 3 of the Dungeon.
             The game lasted 00:00:26 (1199 turns).

qw the Shooter (Gargoyle Hunter)                    Turns: 1199, Time: 00:00:26

Health: -1/23      AC:  6    Str: 14    XL:     3   Next: 91%
Magic:  3/3        EV: 12    Int:  9    God:
Gold:   95         SH:  0    Dex: 15    Spells: 2/2 levels left

rFire   + . .        Y - +0 shortbow
rCold   . . .        (shield currently unavailable)
rNeg    + . .        i - +1 robe {rF+}
rPois   inf          (no helmet)
rElec   +            (no cloak)
rCorr   .            (no gloves)
SInv    .            (no boots)
Will    .....        d - amulet of faith
Stlth   ++           (no ring)
HPRegen 0.23/turn    (no ring)
MPRegen 0.08/turn

%: faith
@: no status effects
A: sickness immunity, AC +3, negative energy resistance 1, electricity
resistance, torment resistance 1, petrification resistance
a: no special abilities


You were on level 3 of the Dungeon.
You visited 1 branch of the dungeon, and saw 3 of its levels.

You collected 95 gold pieces.


Innate Abilities, Weirdness & Mutations

You are immune to sickness and miasma.
Your stone body is resilient. (AC +3)
You are immune to poison.
You resist negative energy. (rN+)
You are resistant to electric shocks. (rElec)
You are resistant to unholy torment.
You are immune to petrification.


   Skills:
 - Level 3.1 Fighting
 + Level 5.0 Ranged Weapons
 - Level 1.5 Dodging
 - Level 1.1 Stealth


You had 2 spell levels left.
You didn't know any spells.
Your spell library was empty.

Inventory:

Hand Weapons
 Y - a +0 shortbow (weapon)
Armour
 c - a +0 leather armour
 i - a +1 robe of fire resistance (worn)
Jewellery
 d - an amulet of faith (around neck)
 g - a ring of ice
Potions
 b - a potion of degeneration {unknown}
 e - a potion of heal wounds {unknown}
 f - a potion of invisibility {unknown}
 h - a potion of lignification {unknown}
 j - a potion of curing {unknown}

Dungeon Overview and Level Annotations

Branches:
Dungeon (3/15)

Altars:

Annotations:
D:3 Natasha


Message History

1175 ||| STAIRDANCE Natasha mumbles some strange words.
You climb upwards.
There is a stone staircase leading down here.
You start resting.
HP restored.
Done exploring.
What level of the Dungeon? (default 3, ? - help)
You climb downwards.
Level annotation: Natasha A hobgoblin comes into view.
There is a stone staircase leading up here.
1193 ||| Stepping ~*~*~tactically~*~*~ (outnumbered).
You shoot an arrow. The arrow barely misses the adder.
The adder bites you but does no damage.
You shoot an arrow.
The arrow hits the adder but does no damage.
The adder is moderately wounded.
The adder misses you.
You shoot an arrow. The arrow misses the adder.
The arrow barely misses the cerulean imp.
The adder bites you but does no damage.
Natasha growls.
Natasha claws you. The cerulean imp closely misses you. The adder bites you.
You shoot an arrow. The arrow hits the adder.
The adder is almost dead.
The adder barely misses you. Natasha claws you.
The cerulean imp hits you but does no damage.
You shoot an arrow. The arrow hits the adder.
You kill the adder!
An adder comes into view.
Natasha claws you.
The cerulean imp hits you but does no damage.
The adder moves out of view.
Your Fighting skill increases to level 3!
You shoot an arrow. The arrow hits Natasha!
Natasha is severely wounded.
Natasha claws you.
The cerulean imp hits you from afar with a +1 spear.
You die...

. #. ... ##.###
#.. . #..... ...
.. #..... .. 5..
#.....##.# ...g
##......#.#.....
.|.....@.5......
.##.....h.#..#.
.....###........
.... ##.#.#...
... .# .. . ..
.. ... . ... #.
.... ..##


You could see Natasha and a cerulean imp (summoned).

Vanquished Creatures
  An adder (D:3)
  A worm (D:2)
  A dart slug (D:1)
  An orc (D:2)
  2 endoplasms (D:1)
  A giant cockroach (D:1)
  A goblin (D:2)
  3 hobgoblins (D:1)
  4 kobolds
  3 quokkas
  5 ball pythons
  6 bats
  3 frilled lizards
  8 rats
40 creatures vanquished.

Notes
Turn   | Place    | Note
-------+----------+-------------------------------------------
     0 | D:1      | qw the Gargoyle Hunter began the quest for the Orb.
     0 | D:1      | Reached XP level 1. HP: 12/12 MP: 1/1
     0 | D:1      | 0 ||| qw: Version: 0.3-a-74-g0d5e918
     0 | D:1      | 0 ||| qw: Game counter: 49
     0 | D:1      | 0 ||| qw: Melee chars always use a shield: true
     0 | D:1      | 0 ||| qw: God list: Okawaru
     0 | D:1      | 0 ||| qw: Allow faded altars: false
     0 | D:1      | 0 ||| qw: Do Orc after clearing Dungeon:15 true
     0 | D:1      | 0 ||| qw: Do second Lair branch before Depths: true
     0 | D:1      | 0 ||| qw: Lair rune preference: random
     0 | D:1      | 0 ||| qw: Goals: Normal
     0 | D:1      | 0 ||| PLANNING D:1-11
   180 | D:1      | Reached XP level 2. HP: 17/17 MP: 2/2
   469 | D:1      | Reached XP level 3. HP: 21/21 MP: 3/3
   678 | D:1      | Reached skill level 5 in Ranged Weapons
   745 | D:1      | 745 ||| READING 2 scrolls labelled FAYSKA YCOLIS.
   746 | D:1      | 746 ||| READING scroll labelled SOZXEPUNETZ.
   747 | D:1      | 747 ||| DROPPING scroll of vulnerability.
   748 | D:1      | 748 ||| DROPPING scroll of butterflies.
  1151 | D:2      | 1151 ||| UPGRADING to +1 robe of fire resistance.
  1161 | D:2      | 1161 ||| UPGRADING to amulet of faith.
  1166 | D:2      | 1166 ||| READING scroll labelled ICZOSHR XAUPS.
  1172 | D:3      | Noticed Natasha
  1175 | D:3      | 1175 ||| STAIRDANCE
  1193 | D:3      | 1193 ||| Stepping ~*~*~tactically~*~*~ (outnumbered).
  1199 | D:3      | Reached skill level 3 in Fighting
  1199 | D:3      | HP: 3/23 [Natasha (5)]
  1199 | D:3      | Slain by a cerulean imp

Levels and vault maps discovered:
D:1:      dpeg_arrival_ratfight, layout_loops_corners
D:2:      layout_rooms
D:3:      layout_rooms, lemuel_doored_altar, vehumet_crystals,
          mainiacjoe_overflow_alcove_4, eino_curves_02,
          minmay_misc_feat_secret_circle, uniq_jessica, uniq_terence,
          uniq_natasha, uniq_sigmund

Skill      XL: |  1  2  3 |
---------------+----------+-----
Ranged Weapons | 5 |  5.0
Fighting       | 3 |  3.1
Dodging        | |  1.5
Stealth        | |  1.1

Action                     || total
---------------------------++-------
   Fire: Shortbow          ||    90
    Use: Scroll            ||     3
 Armour: Leather armour    ||     6
         Robe              ||     4
  Dodge: Dodged            ||    10

Table legend:
 A = Non-vault XP
 B = Vault XP
 C = Vault XP percentage of total XP
 D = Non-vault monster count
 E = Vault monster count
 F = Vault count percentage of total count
                 A         B        C        D         E       F
            +---------+---------+-------+---------+---------+-------
      Total |      73 |       5 |   6.4 |      35 |       5 |  12.5
            +---------+---------+-------+---------+---------+-------
        D:1 |      39 |       5 |  11.4 |      23 |       5 |  17.9
        D:2 |      21 |       0 |   0.0 |      11 |       0 |   0.0
        D:3 |      13 |       0 |   0.0 |       1 |       0 |   0.0
            +---------+---------+-------+---------+---------+-------
